 Dungeon Crawl Stone Soup version 0.22-a0-247-gbddf880 (webtiles) character file.

99 mortelune the Chiller (level 4, 0/49 HPs)
             Began as a Demonspawn Ice Elementalist on Feb 23, 2018.
             Slain by Natasha (4 damage)
             ... on level 2 of the Dungeon.
             The game lasted 00:07:24 (3485 turns).

mortelune the Chiller (Demonspawn Ice Elementalist) Turns: 3485, Time: 00:07:25

Health: 0/49       AC: 22    Str:  8    XL:     4   Next: 45%
Magic:  0/8        EV:  2    Int: 18    God:
Gold:   65         SH:  0    Dex: 20    Spells: 3/9 levels left

rFire    + . .     SeeInvis .   k - +0 flail
rCold    + . .     Gourm    .   (no shield)
rNeg     + + +     Faith    .   (armour currently unavailable)
rPois    +         Spirit   +   (helmet currently unavailable)
rElec    +         Reflect  .   (cloak currently unavailable)
rCorr    +         Harm     .   (gloves currently unavailable)
MR       .....     NoTele   +   (boots currently unavailable)
Stlth    +++.......             (no amulet)
HPRegen  0.16/turn              (no ring)
MPRegen  0.22/turn              (no ring)

@: agile, tree-form, resistant
A: agile 1, robust 1, magic shield, magic regeneration
a: no special abilities


You were on level 2 of the Dungeon.
You were not hungry.
You were a tree.
You visited 1 branch of the dungeon, and saw 2 of its levels.

You collected 65 gold pieces.

Inventory:

Hand Weapons
 c - a +0 whip
 k - a +0 flail (weapon)
Armour
 a - a +0 robe (melded)
 d - a cursed +0 ring mail
Scrolls
 e - 3 scrolls of remove curse
 h - a scroll of noise
 l - 2 scrolls of immolation
 n - a scroll of random uselessness
 p - a scroll of magic mapping {unknown}
Potions
 j - a potion of resistance
Comestibles
 b - 5 rations


   Skills:
 - Level 1.7 Dodging
 - Level 1.7 Stealth
 + Level 3.0 Spellcasting
 + Level 1.9 Conjurations
 * Level 3.9 Ice Magic


You had 3 spell levels left.
You knew the following spells:

 Your Spells              Type           Power        Failure   Level  Hunger
a - Freeze                Ice            ###.         3%          1    None
b - Throw Frost           Conj/Ice       ##....       8%          2    ##.....
c - Ozocubu's Armour      Chrm/Ice       #.......     22%         3    ###....


Dungeon Overview and Level Annotations

Branches:
Dungeon (2/15)

Altars:
Wu Jian

Annotations:
D:2 Natasha


Innate Abilities, Weirdness & Mutations

((You are partially covered in iridescent scales. (AC +2)))
When hurt, damage is shared between your health and your magic reserves.
You regenerate magic rapidly.
You are agile. (Dex +2)
You are robust. (+10% HP)


Message History

Casting: Freeze (safe; 3% risk of failure)
Confirm with . or Enter, or press ? or * to list all spells.
Aiming: Freeze (safe; 3% risk of failure)
Press: ? - help, Shift-Dir - straight line, f/p - Natasha
Aim: Natasha (moderately wounded, inner flame)
You freeze Natasha.
Natasha is heavily wounded.
Natasha claws you but does no damage.
Casting: Freeze (safe; 3% risk of failure)
Confirm with . or Enter, or press ? or * to list all spells.
You don't have enough magic to cast that spell.
Unknown command.
You cannot move.
You cannot move.
You cannot move.
You cannot move.
You barely miss Natasha.
Natasha is heavily wounded.
Natasha claws you.
You die...

[.......('........#
.........####...#.#
#.......## ##.##.#
##.....## ####.#
##...## ##.# ##+#
#..# #.## ## #.#
... #♣# .... #h#
..... #S#
......####.#
?....55S...#
.$....###### .....
.... ###


You could see Natasha (inner flame) and an adder (inner flame).

Vanquished Creatures
  2 adders (D:2)
  3 gnolls (D:2)
  An ooze (D:2)
  A worm (D:2)
  A dart slug (D:2)
  A leopard gecko (D:1)
  3 ball pythons
  A giant cockroach (D:1)
  6 goblins
  5 hobgoblins
  6 kobolds
  8 bats
  2 frilled lizards (D:1)
  3 rats
43 creatures vanquished.

Notes
Turn   | Place    | Note
-------+----------+-------------------------------------------
     0 | D:1      | mortelune the Demonspawn Ice Elementalist began the quest for the Orb.
     0 | D:1      | Reached XP level 1. HP: 13/13 MP: 3/3
   633 | D:1      | Gained mutation: You are partially covered in iridescent scales. (AC +2) [demonic ancestry]
   633 | D:1      | Reached XP level 2. HP: 17/19 MP: 0/5
   738 | D:1      | Learned a level 2 spell: Throw Frost
  2181 | D:2      | Gained mutation: When hurt, damage is shared between your health and your magic reserves. [demonic ancestry]
  2181 | D:2      | Reached XP level 3. HP: 24/24 MP: 0/6
  2616 | D:2      | Gained mutation: You regenerate magic rapidly. [demonic ancestry]
  2616 | D:2      | Reached XP level 4. HP: 30/30 MP: 0/8
  2803 | D:2      | Found an ornate altar of the Wu Jian Council.
  3244 | D:2      | Learned a level 3 spell: Ozocubu's Armour
  3455 | D:2      | Noticed Natasha
  3478 | D:2      | Gained mutation: You are agile. (Dex +2) [potion of mutation]
  3478 | D:2      | Gained mutation: You are robust. (+10% HP) [potion of mutation]
  3485 | D:2      | Slain by Natasha

Vault maps used:
D:1:      saegor_arrival_under_anarchy
D:2:      marbit_many_paths, first_ration, uniq_natasha

Skill      XL: |  1  2  3  4 |
---------------+-------------+-----
Ice Magic      | 3 |  3.9
Spellcasting   | 3 |  3.0
Dodging        | |  1.7
Stealth        | |  1.7
Conjurations   | |  1.9

Action                   |  1- 3 |  4- 6 || total
-------------------------+-------+-------++-------
Melee: Whip              |    15 |       ||    15
       Flail             |       |     1 ||     1
 Cast: Freeze            |    40 |    17 ||    57
       Throw Frost       |    15 |     8 ||    23
  Use: Scroll            |       |     5 ||     5
       Potion            |       |     5 ||     5
  Eat: Chunk             |     6 |     4 ||    10
Armor: Robe              |    16 |     9 ||    25
       Skin              |       |     4 ||     4
Dodge: Dodged            |    33 |    10 ||    43

Table legend:
 A = Spawn XP
 B = Non-spawn XP
 C = Spawn XP percentage of total XP
 D = Spawn monster count
 E = Non-spawn monster count
 F = Spawn count percentage of total count
 G = Total turns spent on level
                    A         B        C        D         E        F      G
               +---------+---------+-------+---------+---------+-------+---------
         Total |       0 |     142 |   0.0 |       0 |      43 |   0.0 |  3485
               +---------+---------+-------+---------+---------+-------+---------
           D:1 |       0 |      34 |   0.0 |       0 |      21 |   0.0 |  1785
           D:2 |       0 |     108 |   0.0 |       0 |      22 |   0.0 |  1700
               +---------+---------+-------+---------+---------+-------+---------
